 Dungeon Crawl Stone Soup version 0.27.1-34-g3ba077fa99 (webtiles) character file.

Game seed: 2454429299454431505

410 Delamore the Covert (level 6, -8/58 HPs)
             Began as an Octopode Brigand on Feb 6, 2022.
             Killed by divine providence
             ... invoked by an orc priest
              (11 damage)
             ... on level 4 of the Dungeon.
             The game lasted 00:04:21 (4338 turns).

Delamore the Covert (Octopode Brigand)              Turns: 4338, Time: 00:04:22

Health: -8/58      AC: 23    Str: 10    XL:     6   Next: 89%
Magic:  6/6        EV:  2    Int: 13    God:
Gold:   80         SH:  0    Dex: 16    Spells: 5/5 levels left

rFire    . . .     SeeInvis .   c - +2 dagger (elec)
rCold    . . .     Faith    .   (no shield)
rNeg     + + +     Spirit   .   (helmet currently unavailable)
rPois    +         Reflect  +   j - amulet of reflection
rElec    .         Harm     .   (no ring)
rCorr    .         Rampage  .   (no ring)
Will     .....     NoTele   +   (no ring)
Stlth    ++........             (no ring)
HPRegen  0.19/turn              (no ring)
MPRegen  0.10/turn              (no ring)
                                (no ring)
                                (no ring)

@: confused, tree-form, hasted, very quick
A: stationary, stasis, torment immunity, boosted hp, almost no armour,
(amphibious), 8 rings, (camouflage 1), (gelatinous body 1), (nimble swimmer 1),
(tentacles)
a: no special abilities


You were on level 4 of the Dungeon.
You were a tree.
You visited 1 branch of the dungeon, and saw 4 of its levels.

You collected 116 gold pieces.
You spent 36 gold pieces at shops.

Inventory:

Hand Weapons
 a - a +2 dagger
 c - a +2 dagger of electrocution (weapon)
 p - a +1 dagger of venom
Missiles
 b - 8 poisoned darts
 n - 9 curare-tipped darts (quivered)
Jewellery
 j - an amulet of reflection (around neck)
Scrolls
 e - a scroll of noise
 g - a scroll of fear {unknown}
 i - 3 scrolls of blinking
 k - a scroll of magic mapping {unknown}
 l - a scroll of enchant armour {unknown}
 m - a scroll of teleportation {unknown}
 q - a scroll of amnesia {unknown}
Potions
 d - a potion of resistance


   Skills:
 - Level 2.0 Fighting
 + Level 4.3 Short Blades
 - Level 2.0 Throwing
 - Level 1.0 Dodging
 * Level 9.6 Stealth


You had 5 spell levels left.
You didn't know any spells.
Your spell library contained the following spells:

 Spells                   Type           Power      Damage    Failure   Level
 Corona                   Hex            0%         N/A       30%         1
 Ensorcelled Hibernation  Hex/Ice        0%         N/A       43%         2
 Tukima's Dance           Hex            0%         N/A       67%         3


Dungeon Overview and Level Annotations

Branches:
Dungeon (4/15)
 Temple: D:4-7

Altars:
Elyvilon
Hepliaklqana
Xom

Shops:
D:1 ?(?**

Annotations:
D:3 1 runed translucent door


Innate Abilities, Weirdness & Mutations

You are a tree.
Your roots penetrate the ground, keeping you stationary.
You cannot be teleported.
You are immune to unholy pain and torment.
Your maximum health is greatly increased.
You cannot wear most types of armour.
((You are amphibious.))
You can wear up to eight rings at the same time.
((Your skin changes colour to match your surroundings (Stealth+).))
((Your rubbery body absorbs attacks. (AC +1, EV +1)))
((You are camouflaged near water. (Stealth+)))
((You have tentacles for arms and can constrict up to eight enemies at once.))


Message History

The orc wizard barely misses you.
An orc comes into view. It is wielding a +0 club.
You're too confused to move!
You feel less confused. The orc wizard casts a spell at you.
You are confused.
The orc closely misses you.
The orc priest mumbles some strange prayers to Beogh against you.
Beogh smites you!
You are too confused!
Unknown command.
It was a potion of flight.
You feel very buoyant.
You fly up into the air.
The orc barely misses you. The orc wizard completely misses you.
It was a potion of heal wounds.
You feel much better. The orc hits you with a +0 flail.
The orc wizard hits you with a +0 dagger.
The orc priest mumbles some strange prayers to Beogh against you.
Beogh smites you!
You hit the orc wizard.
The orc wizard is lightly wounded.
The orc closely misses you.
The orc wizard hits you with a +0 dagger.
The orc wizard points at you and mumbles some strange words.
You are more confused.
You're too confused to move!
The orc completely misses you.
You're too confused to move!
The orc hits you with a +0 flail.
You hit the orc wizard but do no damage.
Lightning courses through the orc wizard!
You kill the orc wizard!
The orc priest invokes the aid of Beogh against you.
Beogh smites you!
* * * LOW HITPOINT WARNING * * *
It was a potion of haste.
You feel yourself speed up.
It was a potion of lignification.
You turn into a tree.
Your roots penetrate the ground.
The orc hits you but does no damage.
The orc priest calls down the wrath of Beogh upon you.
Beogh smites you!
You die...

#....+....#
#....#....#
#....##...# #####
#....##...# #....
#.....'...####+##....
#....##'####.........
#....##...##.........
#....#.........##....
#..o♣#....##...##....
#.o[o##...##...##....
#...o##...##.........
#....#######.........
#....#.........##....
#....#.........##....
#....#....##...##....
#....#....##...##....
#....#..........#....


You could see an orc priest, an orc wizard and 2 orcs.

Vanquished Creatures
  A bullfrog (D:3)
  The ghost of Tzialkovskiy the Skirmisher, a weakling DsAK of Lugonu (D:3)
  A hound (D:4)
  3 orc wizards
  A hound skeleton (D:4)
  4 gnolls (D:4)
  6 adders
  A river rat (D:3)
  A worm (D:2)
  3 dart slugs
  4 orcs (D:3)
  4 ball pythons (D:1)
  7 endoplasms
  3 giant cockroaches
  3 hobgoblins
  6 kobolds
  5 quokkas
  7 bats
  3 frilled lizards
  7 goblins
  8 rats
79 creatures vanquished.

Vanquished Creatures (others)
  15 plants (D:3)
15 creatures vanquished.

Grand Total: 94 creatures vanquished

Notes
Turn   | Place    | Note
-------+----------+-------------------------------------------
     0 | D:1      | Delamore the Octopode Brigand began the quest for the Orb.
     0 | D:1      | Reached XP level 1. HP: 14/14 MP: 1/1
   200 | D:1      | Found Uhomp's Magic Scroll Emporium.
   203 | D:1      | Found Reoseut's Weapon Boutique.
   209 | D:1      | Bought a scroll of noise for 12 gold pieces
   211 | D:1      | Found a faded altar of an unknown god.
   502 | D:1      | Found Ceutziso's Magic Scroll Boutique.
   616 | D:1      | Reached XP level 2. HP: 19/19 MP: 2/2
   786 | D:1      | Reached skill level 6 in Stealth
  1013 | D:1      | Found Ubbuxair's Assorted Antiques.
  1057 | D:1      | Reached XP level 3. HP: 24/24 MP: 3/3
  1057 | D:1      | Found Omihydaef's General Store.
  1072 | D:1      | Bought a scroll of identify for 24 gold pieces
  1684 | D:2      | Found a shimmering altar of Xom.
  1766 | D:2      | Reached XP level 4. HP: 15/29 MP: 4/4
  1967 | D:2      | Reached skill level 7 in Stealth
  3145 | D:3      | Reached XP level 5. HP: 29/34 MP: 5/5
  3234 | D:3      | Found a hazy altar of Hepliaklqana.
  3260 | D:3      | Found a runed translucent door.
  3260 | D:3      | Noticed Tzialkovskiy's ghost (weakling DsAK)
  3325 | D:3      | Found a white marble altar of Elyvilon.
  3366 | D:3      | Reached skill level 8 in Stealth
  3478 | D:3      | Found a runed translucent door.
  3682 | D:3      | Reached XP level 6. HP: 29/39 MP: 6/6
  3691 | D:3      | Killed Tzialkovskiy's ghost
  3692 | D:3      | Reached skill level 9 in Stealth
  4338 | D:4      | Killed from afar by an orc priest

Illustrated notes

Levels and vault maps discovered:
D:1:      roderic_dead_forest, layout_loops_ring, serial_shops, shop,
          nicolae_square_shop, nicolae_shop_window_shopping, shop_fountains,
          shop, hellmonk_ecumenical_altar_run_dry
D:2:      layout_rooms, basic_altar, minmay_misc_feat_pillars
D:3:      layout_loops_ring, nicolae_hepliaklqana_hazy_memory,
          mainiacjoe_overflow_chevrons, ebering_ghost_sewer_f, st_stairs_8
D:4:      layout_gridville

Skill      XL: |  1  2  3  4  5  6 |
---------------+-------------------+-----
Stealth        | 6 7 8 9 |  9.6
Short Blades   | 3 4 |  4.3
Fighting       | |  2.0
Throwing       | |  2.0
Dodging        | |  1.0

Action                   |  1- 3 |  4- 6 || total
-------------------------+-------+-------++-------
Melee: Dagger            |    78 |    74 ||   152
       Constrict         |    16 |    16 ||    32
       Tentacles         |    16 |    10 ||    26
Throw: Dart              |       |    21 ||    21
  Use: Scroll            |     1 |     1 ||     2
       Potion            |       |     4 ||     4
 Stab: Sleeping          |    13 |     7 ||    20
       Distracted        |       |     1 ||     1
Armor: Skin              |     7 |     5 ||    12
Dodge: Dodged            |    28 |    29 ||    57
Block: Other             |    14 |    10 ||    24
       Reflection        |     1 |     1 ||     2
